 Dungeon Crawl Stone Soup version 0.18.1-50-g88ac8fd (webtiles) character file.

322 magog001 the Sneak (level 6, -2/46 HPs)
             Began as a Vampire Assassin on May 10, 2017.
             Slain by an orc wizard
             ... wielding a +0 dagger
              (3 damage)
             ... on level 4 of the Dungeon.
             The game lasted 00:31:19 (3884 turns).

magog001 the Sneak (Vampire Assassin)               Turns: 3884, Time: 00:31:20

Health: -2/46      AC:  3    Str: 11    XL:     6   Next: 22%
Magic:  6/6        EV: 14    Int: 14    God:
Gold:   87         SH:  0    Dex: 16    Spells: 0 memorised, 5 levels left

rFire  . . .     SeeInvis +     p - +4 dagger
rCold  . . .     Gourm    .     c - +0 robe
rNeg   + . .     Faith    .     (no shield)
rPois  .         Spirit   .     (no helmet)
rElec  .         Dismiss  .     d - +0 cloak
rCorr  .         Reflect  .     (no gloves)
SustAt .         Harm     .     (no boots)
MR     .....                    (no amulet)
Stlth  ++++......               (no ring)
                                (no ring)

@: not resistant to hostile enchantments, stealthy
A: fangs 3, see invisible, unbreathing
a: Bat Form


You were on level 4 of the Dungeon.
You were not thirsty.

You visited 1 branch of the dungeon, and saw 4 of its levels.

You collected 87 gold pieces.

Inventory:

Hand Weapons
 a - a +0 hunting sling
 b - a +0 blowgun
 m - a +1 mace of draining
 p - a +4 dagger (weapon)
 t - a cursed -3 halberd
Missiles
 i - 7 tomahawks
 o - 67 stones (quivered)
Armour
 c - a +0 robe (worn)
 d - a +0 cloak (worn)
 r - a cursed +0 leather armour
Scrolls
 k - a scroll of amnesia {unknown}
 n - a scroll of recharging
 q - 4 scrolls of identify
Potions
 f - a potion of ambrosia
 g - 14 potions of blood
 h - a potion of mutation {unknown}
 j - a potion of flight {unknown}
 l - 4 potions of curing {unknown}
 s - a potion of might {unknown}
 u - a potion of haste {unknown}


   Skills:
 + Level 2.5 Fighting
 + Level 2.4 Short Blades
 * Level 3.3 Throwing
 * Level 3.6 Dodging
 * Level 7.9 Stealth


You had 5 spell levels left.
You didn't know any spells.

Dungeon Overview and Level Annotations

Branches:
Dungeon (4/15)             Temple (0/1) D:4

Altars:
Ashenzari
Dithmenos
Elyvilon
Kikubaaqudgha
Qazlal
Sif Muna
Vehumet


Innate Abilities, Weirdness & Mutations

You have razor-sharp teeth.
You have supernaturally acute eyesight.
You can survive without breathing.


Message History

The orc closely misses you.
You completely miss the orc. You closely miss the orc wizard.
The orc wizard is moderately wounded.
You barely miss the orc wizard.
The orc wizard is moderately wounded.
The orc wizard points at you and mumbles some strange words.
The magic dart hits you! The orc misses you.
You barely miss the orc wizard.
The orc wizard is moderately wounded.
The orc wizard hits you with a dagger.
The orc priest mumbles some strange prayers to Beogh against you.
Beogh smites you!
* * * LOW HITPOINT WARNING * * *
The orc wizard casts a spell at you. The puff of flame hits you!
* * * LOW HITPOINT WARNING * * *
The orc closely misses you.
You open the door. The orc wizard hits you with a dagger.
You die...

#......................#
..#
#.....####+#...........#
..#
#.....#....#.+##########
..# #.....#...P..P......
..# #.....#.).PPPP......
..+ +.....#..PP>.P......
..#####.....#...PP..####..
............#...ooo....# #
............#...@#.....#
.<..........###'##.....#
............#>.. #.)...#
............#...
#oo...######
##+#........#...
#........... #........#...
#.....^..... #........#...
#.oo........ #........#...
#..)..<..... #........+
#o..........


You could see an orc priest, an orc wizard (invisible) and an orc.

Vanquished Creatures
  A scorpion (D:4)
  An orc wizard (D:3)
  Jessica (D:2)
  Ijyb (D:3)
  4 gnolls (D:4)
  5 adders
  An ooze (D:1)
  An adder skeleton (D:3)
  3 worms
  A dart slug (D:3)
  2 giant geckos
  11 orcs
  3 ball pythons
  8 giant cockroaches
  10 goblins
  4 hobgoblins
  2 jackals (D:2)
  2 quokkas (D:2)
  4 bats
  4 giant newts
  5 kobolds
  5 rats
79 creatures vanquished.

Vanquished Creatures (others)
  A goblin (D:3)
  A ball python (D:3)
2 creatures vanquished.

Grand Total: 81 creatures vanquished

Notes
Turn   | Place    | Note
--------------------------------------------------------------
     0 | D:1      | magog001 the Vampire Assassin began the quest for the Orb.
     0 | D:1      | Reached XP level 1. HP: 16/16 MP: 1/1
   132 | D:1      | Reached skill level 6 in Stealth
   229 | D:1      | Reached XP level 2. HP: 22/22 MP: 2/2
   797 | D:1      | Reached XP level 3. HP: 27/27 MP: 3/3
  1023 | D:1      | Reached skill level 7 in Stealth
  1242 | D:2      | Noticed Jessica
  1253 | D:2      | Killed Jessica
  1253 | D:2      | Reached XP level 4. HP: 33/33 MP: 4/4
  1281 | D:2      | Found a shattered altar of Ashenzari.
  1622 | D:2      | Found a shadowy altar of Dithmenos.
  2162 | D:3      | Found a stormy altar of Qazlal.
  2296 | D:3      | Reached XP level 5. HP: 33/38 MP: 5/5
  2635 | D:3      | Found an ancient bone altar of Kikubaaqudgha.
  2642 | D:3      | Found a radiant altar of Vehumet.
  2644 | D:3      | Noticed Ijyb
  2645 | D:3      | Found a white marble altar of Elyvilon.
  2659 | D:3      | Killed Ijyb
  2670 | D:3      | Found a deep blue altar of Sif Muna.
  3547 | D:4      | Reached XP level 6. HP: 44/46 MP: 6/6
  3731 | D:4      | Found a staircase to the Ecumenical Temple.
  3883 | D:4      | HP: 1/46 [orc wizard/puff of flame (5)]
  3884 | D:4      | Slain by an orc wizard

Skill      XL: |  1  2  3  4  5 |
---------------+----------------+-----
Stealth        | 6 7 |  7.9
Fighting       | 2 |  2.5
Throwing       | 2 3 |  3.3
Dodging        | 2 3 |  3.6
Short Blades   | |  2.4

Action                   |  1- 3 |  4- 6 || total
-------------------------+-------+-------++-------
Melee: Dagger            |    23 |   116 ||   139
       Bite              |     1 |    10 ||    11
 Fire: Blowgun           |    60 |    70 ||   130
Throw: Stone             |     2 |       ||     2
       Tomahawk          |       |     4 ||     4
  Use: Scroll            |     1 |     4 ||     5
       Potion            |     1 |    12 ||    13
 Stab: Sleeping          |       |     8 ||     8
       Distracted        |       |     1 ||     1
Armor: Robe              |    11 |    14 ||    25
Dodge: Dodged            |    20 |    78 ||    98
